 Dungeon Sprint DCSS version 0.30.1 (webtiles) character file.

Game seed: 14563041466532211951

48 boopmooplesden the Fighter (level 6, -1/62 HPs)
             Began as a Draconian Berserker on July 4, 2023.
             Was a Priest of Trog.
             Slain by a wolf (6 damage)
             ... in the Dungeon (Sprint VI: "Thunderdome").
             The game lasted 00:02:11 (341 turns).

boopmooplesden the Fighter (Draconian Berserker)     Turns: 341, Time: 00:02:12

Health: -1/62      AC:  6    Str: 26    XL:     6   Next: 7%
Magic:  0/6        EV: 13    Int: 16    God:    Trog [***...]
Gold:   91         SH:  2    Dex:  8    Spells: 5/5 levels left

rFire   + . .        a - +0 mace
rCold   x . .        b - +0 buckler
rNeg    + . .        (body armour unavailable)
rPois   .            (helmet restricted)
rElec   .            (no cloak)
rCorr   +            (no gloves)
SInv    +            (no boots)
Will    ++...        m - amulet "Inwo" {Spirit rCorr Int+3 Dex-2 SInv}
Stlth   +            l - ring of Cowardice {Fire Str+4}
HPRegen 1.30/turn    n - ring "Ogitinoi" {rN+ Int+6}
MPRegen 0.10/turn

%: no teleportation, guardian spirit
@: strong-willed, on berserk cooldown, regenerating, slowed, very slow
A: AC +6, unfitting armour, cold-blooded
a: Renounce Religion, Berserk, Trog's Hand


You were in the Dungeon.
You worshipped Trog.
Trog was most pleased with you.
You visited 1 branch You collected 280 gold pieces.
You spent 189 gold pieces at shops.

Inventory:

Hand Weapons
 a - a +0 mace (weapon)
Armour
 b - a +0 buckler (worn)
Jewellery
 l - the ring of Cowardice (left hand) {Fire Str+4}
   (You bought it in a shop in the Dungeon)

   [ring of fire]

   It enhances your fire magic.
   Str:       It affects your strength (+4).
   rF:        It protects you from fire.
   rC:        It makes you vulnerable to cold.
 m - the amulet "Inwo" (around neck) {Spirit rCorr Int+3 Dex-2 SInv}
   (You bought it in a shop in the Dungeon)

   [amulet of guardian spirit]

   It causes incoming damage to be divided between your reserves of health and
   magic.
   Int:       It affects your intelligence (+3).
   Dex:       It affects your dexterity (-2).
   SInv:      It lets you see invisible.
   rCorr:     It protects you from acid and corrosion.
 n - the ring "Ogitinoi" (right hand) {rN+ Int+6}
   (You bought it in a shop in the Dungeon)

   [ring of intelligence]

   Int:       It affects your intelligence (+6).
   rN:        It protects you from negative energy.
Wands
 i - a wand of acid (5)
 j - a wand of roots (5)
Scrolls
 g - 4 scrolls of blinking
 k - 3 scrolls of fog
Potions
 c - 4 potions of heal wounds
 d - 4 potions of haste
 e - 2 potions of magic
 f - a potion of berserk rage
 h - a potion of resistance


   Skills:
 + Level 8.4 Fighting
 + Level 8.3 Maces & Flails
 + Level 7.2 Dodging


You had 5 spell levels left.
You didn't know any spells.
Your spell library was empty.

Dungeon Overview and Level Annotations

Branches:
Dungeon (1/1)

Altars:
Cheibriados
Dithmenos
Fedhas
Gozag
Kikubaaqudgha
Makhleb
Okawaru
Qazlal
Ru
Sif Muna
Trog
Uskayaw
Vehumet
Wu Jian
Xom
Yredelemnul
Zin
The Shining One
Lugonu

Shops:
D *[??*?*:[((!!!!


Innate Abilities, Weirdness & Mutations

Your plain brown scales are hard. (AC +6)
You cannot fit into any form of body armour.
You are cold-blooded and may be slowed by cold attacks.


Message History

50...
The wolf misses you.
The hell hound bites you but does no damage.
A wolf comes into view.
The wolf misses you.
A wolf comes into view.
The hell hound misses you. The wolf barely misses you.
You fail to use your ability.
The wolf howls! x2
The hell hound barely misses you. The wolf bites you.
The hell hound completely misses you. The wolf bites you.
The hell hound breathes flames at you. The blast of flame hits you. You resist.
You block the hell hound's attack. The wolf misses you.
Your black bear goes berserk!
You can no longer call in reinforcements.
The wolf barely misses you. The hell hound misses you.
The hell hound stops to sniff the ground.
The wolf bites you!
* * * LOW HITPOINT WARNING * * *
The hell hound bites you but does no damage.
The hell hound bites your black bear.
Your skin crawls.
You feel strong-willed. The wolf barely misses you. The hell hound bites you.
* * * LOW HITPOINT WARNING * * *
The hell hound bites your black bear! The wolf closely misses you.
The wolf bites you but does no damage.
Your black bear bites the hell hound.
Your black bear claws the hell hound.
Your black bear claws the hell hound but does no damage.
The wolf barely misses you. The hell hound barely misses you.
The hell hound bites your black bear. The wolf bites you!
* * * LOW HITPOINT WARNING * * *
The wolf completely misses you.
Your black bear bites the hell hound.
Your black bear claws the hell hound but does no damage.
Your black bear misses the hell hound.
You closely miss the wolf.
The wolf is lightly wounded.
You block the wolf's attack. The wolf bites you!
You die...

#_......._# #........_#
###.........###
#⌠...........⌠#
######.8.....÷...8.##
##._._......###......_
###∩........8÷# #.8.....
##....÷.hh.†...###.......
#⌠.....h@h..###...###...†
#⌠.......h..# #.<.# #....
#⌠........h.###...###....
##......)......###.......
###∩.......†8.# #.8.....
##∩_._......###.......
######.8.†.......8.##
#⌠...........⌠#
###.........###


You could see 2 hell hounds, 3 wolves and a friendly black bear (summoned,
berserk).

Vanquished Creatures
  Grum (D)
  A water moccasin (D)
  5 adders (D)
  4 ball pythons (D)
11 creatures vanquished.

Notes
Turn   | Place    | Note
-------+----------+-------------------------------------------
     0 | D        | boopmooplesden the Draconian Berserker began the quest for
                  | the Orb.
     0 | D        | Reached XP level 1. HP: 19/19 MP: 1/1
     3 | D        | Found a shimmering altar of Xom.
     4 | D        | Found a hide-covered altar of Uskayaw.
     5 | D        | Found a glowing silver altar of Zin.
     5 | D        | Found a stormy altar of Qazlal.
     5 | D        | Round 1.
     6 | D        | Found a shimmering blue altar of Sif Muna.
     6 | D        | Found Fakoriast's Identification Station.
     7 | D        | Found Ylefrir's Jewellery.
     7 | D        | Found Laostrofy's Advanced Armour.
    16 | D        | Reached XP level 2. HP: 26/27 MP: 2/2
    19 | D        | Bought a steaming bronze ring for 45 gold pieces
    19 | D        | Identified the ring of Cowardice {Fire Str+4} (You bought
                  | it in a shop in the Dungeon)
    19 | D        | Bought a clouded brass amulet for 45 gold pieces
    19 | D        | Identified the amulet "Inwo" {Spirit rCorr Int+3 Dex-2
                  | SInv} (You bought it in a shop in the Dungeon)
    19 | D        | Bought a vibrating golden ring for 45 gold pieces
    19 | D        | Identified the ring "Ogitinoi" {rN+ Int+6} (You bought it
                  | in a shop in the Dungeon)
    29 | D        | Found a blossoming altar of Fedhas.
    30 | D        | Found an ornate altar of the Wu Jian Council.
    31 | D        | Found a basalt altar of Yredelemnul.
    33 | D        | Found Rimujoc's Premium Goods.
    34 | D        | Found a shadowy altar of Dithmenos.
    34 | D        | Found an iron altar of Okawaru.
    34 | D        | Found Bidollipse's Weapon Rack.
    34 | D        | Found Ciasseun's Miscellaneous Merchandise.
    34 | D        | Found Xeruitonk's Basic Armour.
    39 | D        | Found a glowing golden altar of the Shining One.
    40 | D        | Found a corrupted altar of Lugonu.
    41 | D        | Found Wimab's Do-It-Yourself Clinic.
    42 | D        | Found Cabes's Bottled Wisdom.
    42 | D        | Found Tuhir's Distillery.
    42 | D        | Found an ancient bone altar of Kikubaaqudgha.
    42 | D        | Found a bloodstained altar of Trog.
    42 | D        | Found a burning altar of Makhleb.
    42 | D        | Found Exiuduh's Distillery.
    46 | D        | Found a snail-covered altar of Cheibriados.
    47 | D        | Found an opulent altar of Gozag.
    48 | D        | Found a radiant altar of Vehumet.
    52 | D        | Found Xarhyeri's Staff Store.
    53 | D        | Found a sacrificial altar of Ru.
    53 | D        | Found Ocass's Magic Scroll Shop.
    53 | D        | Found Tewkowk's Must-Have Magic.
    53 | D        | Found Zabeqek's Magic Scroll Shop.
    76 | D        | Reached ** piety under Trog
    99 | D        | Arena points: 12 (+12) [x2]
   163 | D        | Round 2.
   205 | D        | Reached *** piety under Trog
   206 | D        | Reached skill level 5 in Fighting
   206 | D        | Reached XP level 3. HP: 28/36 MP: 3/3
   237 | D        | Noticed a water moccasin
   245 | D        | Killed a water moccasin
   246 | D        | Reached XP level 4. HP: 47/47 MP: 4/4
   246 | D        | Reached XP level 5. HP: 52/52 MP: 5/5
   257 | D        | Arena points: 48 (+36) [x3]
   281 | D        | Bought a +0 buckler for 54 gold pieces
   309 | D        | Round 3.
   317 | D        | Noticed Grum
   328 | D        | Killed Grum
   328 | D        | Reached **** piety under Trog
   329 | D        | Reached XP level 6. HP: 62/62 MP: 4/6
   331 | D        | Noticed a hell hound
   336 | D        | Noticed a hell hound
   340 | D        | HP: 3/62 [wolf (8)]
   341 | D        | Slain by a wolf

Illustrated notes

Levels and vault maps discovered:
D:        arena_sprint

Skill      XL: |  1  2  3  4  5 |
---------------+----------------+-----
Fighting       | 4 5 7 8 |  8.4
Dodging        | 3 4 6 7 |  7.2
Maces & Flails | 4 6 8 |  8.3

Action                     |  1- 3 |  4- 6 || total
---------------------------+-------+-------++-------
  Melee: Mace              |    44 |    18 ||    62
         Tailslap          |     3 |     1 ||     4
 Invoke: Berserk           |     1 |     1 ||     2
         Trog's Hand       |       |     1 ||     1
         Brothers in Arms  |       |     1 ||     1
    Use: Potion            |     1 |       ||     1
 Armour: Skin              |    10 |    13 ||    23
  Dodge: Dodged            |    44 |    30 ||    74
  Block: Buckler           |       |     2 ||     2
